 Dungeon Crawl Stone Soup version 0.21.1-1-g345015f (webtiles) character file.

2508 tev the Cleaver (level 9, -5/68 HPs)
             Began as a Demonspawn Berserker on July 29, 2018.
             Was an Elder of Trog.
             Slain by a wight
             ... wielding a +3 battleaxe
              (14 damage)
             ... on level 7 of the Dungeon.
             The game lasted 00:49:13 (8413 turns).

tev the Cleaver (Demonspawn Berserker)              Turns: 8413, Time: 00:49:14

Health: -5/68      AC: 15    Str: 17    XL:     9   Next: 28%
Magic:  0/0        EV:  1    Int: 15    God:    Trog [****..]
Gold:   157        SH:  7    Dex: 13    Spells: 8/8 levels left

rFire    + + .     SeeInvis .   E - +0 hand axe
rCold    + . .     Gourm    .   D - +0 shield
rNeg     . . .     Faith    .   x - +0 chain mail of Waesatent {rF++ MP-9 Int+3} (curse)
rPois    .         Spirit   .   (helmet restricted)
rElec    .         Reflect  .   m - +0 cloak
rCorr    .         Harm     .   n - +0 pair of gloves
MR       ++...                  (no boots)
Stlth    ..........             (no amulet)
HPRegen  1.21/turn              C - ring "Safrunnoubb" {EV-3 Str-3 Int+3} (curse)
MPRegen  0.07/turn              (no ring)

@: berserk cooldown, regenerating, slowed, heavily drained, very slow
A: antennae 1, icy blue scales 3, demonic guardian 2, nightstalker 1
a: Berserk, Trog's Hand, Brothers in Arms, Burn Spellbooks, Renounce Religion


You were on level 7 of the Dungeon.
You worshipped Trog.
Trog was greatly pleased with you.
You were very hungry.

You visited 1 branch of the dungeon, and saw 7 of its levels.
You also visited: Ossuary.

You collected 423 gold pieces.
You spent 266 gold pieces at shops.

Inventory:

Hand Weapons
 E - a +0 hand axe (weapon)
Armour
 g - a +0 plate armour
 m - a +0 cloak (worn)
 n - a +0 pair of gloves (worn)
 x - the cursed +0 chain mail of Waesatent (worn) {rF++ MP-9 Int+3}
   (You bought it in a shop on level 4 of the Dungeon)

   It affects your intelligence (+3).
   It greatly protects you from fire.
   It affects your magic capacity (-9).
   It has a curse placed upon it.
 D - a +0 shield (worn)
Jewellery
 h - an uncursed ring of see invisible {unknown}
 p - an uncursed amulet of harm {unknown}
 C - the cursed ring "Safrunnoubb" (left hand) {EV-3 Str-3 Int+3}
   (You took it off an orc on level 6 of the Dungeon)

   [ring of evasion]

   It affects your evasion (-3).
   It affects your strength (-3).
   It affects your intelligence (+3).
   It has a curse placed upon it.
Wands
 y - a wand of random effects (7)
Scrolls
 a - a scroll of torment {unknown}
 b - a scroll of enchant armour {unknown}
 d - 3 scrolls of remove curse {unknown}
 e - 4 scrolls of teleportation
 f - 3 scrolls of amnesia {unknown}
 i - 7 scrolls of identify {unknown}
 k - 3 scrolls of immolation {unknown}
 s - a scroll of fog {unknown}
 t - 3 scrolls of blinking {unknown}
Potions
 j - 2 potions of degeneration {unknown}
 l - a potion of curing {unknown}
 o - 2 potions of lignification
 q - a potion of haste
 r - a potion of might {unknown}
 u - 4 potions of agility {unknown}
 v - a potion of brilliance {unknown}
 w - a potion of flight {unknown}
 z - a potion of heal wounds
 A - 4 potions of mutation {unknown}
 B - a potion of magic {unknown}
Comestibles
 c - 8 rations
 F - 2 chunks of flesh


   Skills:
 * Level 5.5(4.1) Fighting
 * Level 9.5(8.0) Axes
 + Level 5.2(3.8) Armour
 + Level 2.6(1.4) Dodging
 + Level 1.4(0.2) Shields
 + Level 0.3(0.0) Evocations


You had 8 spell levels left.
You didn't know any spells.

Dungeon Overview and Level Annotations

Branches:
Dungeon (7/15)             Temple (0/1) D:4

Altars:
Ashenzari
Cheibriados
Elyvilon
Okawaru
Uskayaw
Xom

Shops:
D:4 [   D:5 *


Innate Abilities, Weirdness & Mutations

You have a pair of small antennae on your head.
You are completely covered in icy blue scales. (AC +4, rC+)
A demonic guardian rushes to your aid.
You are slightly more attuned to the shadows.


Message History

You hit the wight.
The wight is moderately damaged.
The wight hits you with an enchanted battleaxe!
* * * LOW HITPOINT WARNING * * *
You feel drained.
* * * LOW HITPOINT WARNING * * *
Your shield and chain mail of Waesatent prevent you from hitting the wight.
The wight is moderately damaged.
The wight hits you with an enchanted battleaxe.
* * * LOW HITPOINT WARNING * * *
You feel drained.
* * * LOW HITPOINT WARNING * * *
You hit the wight.
The wight is heavily damaged.
The wight hits you with an enchanted battleaxe.
* * * LOW HITPOINT WARNING * * *
You hit the wight.
The wight is almost destroyed.
The wight hits you with an enchanted battleaxe!
You die...

####.........#..####.#
#...#######.......##
#... #.......... . #...
#.##.##..# .. #.
#.##.##..##...
####..........
####..##..
##########..###.
.>....#.#.#zz@3........
......#...).###########
......#####.# ..z...
#.Z# ......## #..#
.......###..##
......†......#
.......#####.# .......#
.#


You could see 2 wights and a friendly sixfirhy.

Vanquished Creatures
  A two-headed ogre (D:5)
  A spriggan (D:7)
  An orc warrior (D:5)
  A black bear (D:6)
  An ice beast (D:7)
  A sky beast (D:7)
  The ghost of dscm the Chopper, an amateur HOFi (D:4)
  An ogre (D:5)
  A centaur (D:7)
  2 gnoll sergeants (D:5)
  Blork the orc (D:5)
  2 scorpions
  2 wights (D:7)
  A centaur zombie (D:7)
  An orc priest (D:5)
  A human zombie (Ossuary)
  3 orc wizards
  3 hounds
  Jessica (D:3)
  2 worker ants
  A hound zombie (Ossuary)
  4 mummies (Ossuary)
  11 adders
  9 river rats (D:5)
  2 adder skeletons
  2 adder zombies (Ossuary)
  4 worms
  4 dart slugs
  2 leopard geckos
  29 orcs
  4 ball pythons
  8 bats
  3 giant cockroaches
  8 goblins
  6 hobgoblins
  11 quokkas
  8 frilled lizards
  2 gnoll zombies (Ossuary)
  3 goblin zombies
  A hobgoblin zombie (Ossuary)
  2 jackal skeletons (D:5)
  A jackal zombie (Ossuary)
  10 kobolds
  An orc zombie (Ossuary)
  16 rats
  A rat zombie (Ossuary)
  A butterfly (D:4)
182 creatures vanquished.

Vanquished Creatures (collateral kills)
  An orc warrior (D:7)
  2 ogres
  4 crimson imps (D:3)
  An orc priest (D:4)
  A hound zombie (Ossuary)
  A goblin (D:2)
  A hobgoblin (D:2)
  A frilled lizard (D:2)
  A rat (D:2)
13 creatures vanquished.

Grand Total: 195 creatures vanquished

Notes
Turn   | Place    | Note
-------+----------+-------------------------------------------
     0 | D:1      | tev the Demonspawn Berserker began the quest for the Orb.
     0 | D:1      | Reached XP level 1. HP: 18/18 MP: 1/1
   349 | D:1      | Found a snail-covered altar of Cheibriados.
   372 | D:1      | Reached skill level 3 in Axes
   406 | D:1      | Gained mutation: You are partially covered in icy blue scales. (AC +2) [demonic ancestry]
   406 | D:1      | Reached XP level 2. HP: 18/24 MP: 2/2
  1312 | D:2      | Reached ** piety under Trog
  1312 | D:2      | Gained mutation: You are mostly covered in icy blue scales. (AC +3) [demonic ancestry]
  1312 | D:2      | Reached XP level 3. HP: 24/29 MP: 3/3
  1599 | D:2      | Found a hide-covered altar of Uskayaw.
  1967 | D:2      | Reached skill level 4 in Axes
  1967 | D:2      | Gained mutation: A weak demonic guardian rushes to your aid. [demonic ancestry]
  1967 | D:2      | Reached XP level 4. HP: 35/35 MP: 4/4
  2078 | D:2      | Noticed an ogre
  2127 | D:2      | Killed an ogre
  2639 | D:3      | Gained mutation: You have a pair of small antennae on your head. [demonic ancestry]
  2639 | D:3      | Reached XP level 5. HP: 41/41 MP: 5/5
  2650 | D:3      | Found a shimmering altar of Xom.
  2733 | D:3      | Noticed Jessica
  2739 | D:3      | Killed Jessica
  2741 | D:3      | Reached *** piety under Trog
  3016 | D:3      | Reached skill level 5 in Axes
  3034 | D:3      | Found a shimmering altar of Xom.
  3082 | D:3      | Gained mutation: You are completely covered in icy blue scales. (AC +4, rC+) [demonic ancestry]
  3082 | D:3      | Reached XP level 6. HP: 40/47 MP: 6/6
  3171 | D:4      | Found a sand-covered staircase.
  3188 | Ossuary  | Entered an ossuary
  3677 | D:4      | Reached skill level 6 in Axes
  3757 | D:4      | Found Yfrecewy's Antique Armour Emporium.
  3916 | D:4      | Noticed dscm's ghost (amateur HOFi)
  3942 | D:4      | Killed dscm's ghost
  4164 | D:4      | Found a staircase to the Ecumenical Temple.
  4172 | D:4      | Reached **** piety under Trog
  4281 | D:4      | Reached XP level 7. HP: 54/54 MP: 7/7
  4502 | D:4      | Found a white marble altar of Elyvilon.
  4634 | D:4      | Bought a warped chain mail for 266 gold pieces
  4644 | D:4      | Identified the cursed +0 chain mail of Waesatent {rF++ MP-9 Int+3} (You bought it in a shop on level 4 of the Dungeon)
  4669 | D:5      | Entered Level 5 of the Dungeon
  4780 | D:5      | Found an iron altar of Okawaru.
  5417 | D:5      | Reached skill level 7 in Axes
  5553 | D:5      | Found a shattered altar of Ashenzari.
  5580 | D:5      | Found Fuhin's Assorted Antiques.
  5870 | D:6      | Got a faintly glowing tin ring
  5873 | D:6      | Identified the cursed ring "Safrunnoubb" {EV-3 Str-3 Int+3} (You took it off an orc on level 6 of the Dungeon)
  5878 | D:6      | Noticed Blork the orc
  5881 | D:6      | Noticed a two-headed ogre
  5911 | D:6      | HP: 2/54 [orc/stone (1)]
  6449 | D:5      | Killed a two-headed ogre
  6449 | D:5      | Reached skill level 8 in Axes
  6449 | D:5      | Gained mutation: A demonic guardian rushes to your aid. [demonic ancestry]
  6449 | D:5      | Reached XP level 8. HP: 61/61 MP: 0/8
  6758 | D:5      | Killed Blork the orc
  6825 | D:5      | Reached skill level 5 in Fighting
  7256 | D:6      | Reached skill level 9 in Axes
  8070 | D:7      | Gained mutation: You are slightly more attuned to the shadows. [demonic ancestry]
  8070 | D:7      | Reached XP level 9. HP: 53/68 MP: 0/9
  8240 | D:7      | Reached skill level 1 in Shields
  8375 | D:7      | Reached skill level 5 in Armour
  8413 | D:7      | Slain by a wight

Skill      XL: |  1  2  3  4  5  6  7  8  9 |
---------------+----------------------------+-----
Axes           | 3 4 5 6 8 9 |  9.5
Armour         | 2 3 4 5 |  5.2
Fighting       | 4 5 |  5.5
Dodging        | 2 |  2.6
Shields        | 1 |  1.4
Evocations     | |  0.3

Action                   |  1- 3 |  4- 6 |  7- 9 || total
-------------------------+-------+-------+-------++-------
Melee: Hand axe          |   158 |   243 |   491 ||   892
Invok: Berserk           |       |     2 |     8 ||    10
       Brothers in Arms  |       |       |     1 ||     1
       Trog's Hand       |       |       |     1 ||     1
Evoke: Wand              |       |       |     5 ||     5
  Use: Potion            |       |     1 |     1 ||     2
       Scroll            |       |       |     2 ||     2
 Stab: Sleeping          |     1 |       |       ||     1
       Distracted        |       |     1 |     2 ||     3
  Eat: Ration            |     1 |     3 |     4 ||     8
       Chunk             |       |     1 |     5 ||     6
Armor: Animal skin       |    13 |       |       ||    13
       Plate armour      |    97 |   161 |    18 ||   276
       Skin              |       |     6 |     3 ||     9
       Chain mail        |       |       |   272 ||   272
Dodge: Dodged            |    76 |    63 |   113 ||   252
Block: Shield            |       |       |    69 ||    69
